 Dungeon Crawl Stone Soup version 0.23.1 (webtiles) character file.

Game seed: 3263481300961249386

6171 poirepourri the Thaumaturge (level 10, -12/71 HPs)
             Began as a Mummy Necromancer on Mar 9, 2019.
             Was an Initiate of Gozag.
             Mangled by Erica
             ... wielding a +4 scimitar of flaming
              (17 damage)
             ... on level 8 of the Dungeon.
             The game lasted 00:21:14 (14114 turns).

poirepourri the Thaumaturge (Mummy Necromancer)    Turns: 14114, Time: 00:21:15

Health: -12/71     AC:  8    Str: 11    XL:     10   Next: 60%
Magic:  17/28      EV: 13    Int: 18    God:    Gozag
Gold:   307        SH:  0    Dex: 13    Spells: 22/37 levels left

rFire    x . .     SeeInvis .   q - +2 quarterstaff (chaos)
rCold    + . .     Gourm    .   (shield currently unavailable)
rNeg     + + +     Faith    .   a - +0 robe
rPois    ∞         Spirit   .   e - +2 helmet
rElec    .         Reflect  .   h - +1 cloak
rCorr    .         Harm     .   (no gloves)
MR       +....                  c - +0 pair of boots
Stlth    +.........             (no amulet)
HPRegen  0.21/turn              (no ring)
MPRegen  0.21/turn              (no ring)

@: confused
A: no food or potions, fire vulnerability, cold resistance 1, negative energy
resistance 3, torment resistance, unbreathing
a: Potion Petition, Call Merchant, Bribe Branch, Renounce Religion


You were on level 8 of the Dungeon.
You worshipped Gozag.
Gozag was aware of your devotion.
You were not hungry.

You visited 2 branches of the dungeon, and saw 9 of its levels.

You collected 838 gold pieces.
You paid 531 gold pieces to Gozag.

Inventory:

Hand Weapons
 b - a +2 short sword
 q - a +2 quarterstaff of chaos (weapon)
Missiles
 s - 3 javelins (quivered)
Armour
 a - a +0 robe (worn)
 c - a +0 pair of boots (worn)
 e - a +2 helmet (worn)
 g - a cursed +0 buckler
 h - a +1 cloak (worn)
Magical Staves
 r - an uncursed staff of poison
Jewellery
 d - the ring of Kadile {+Fly rPois rC+ MP+9 Dex-4}
   (You found it on level 4 of the Dungeon)

   [ring of magical power]

   It affects your dexterity (-4).
   It protects you from cold.
   It protects you from poison.
   It affects your magic capacity (+9).
   It lets you fly.
Wands
 f - a wand of iceblast (4)
 o - a wand of flame (8)
 p - a wand of digging (6)
Scrolls
 i - a scroll of fog
 j - 3 scrolls of magic mapping
 k - 3 scrolls of remove curse
 l - 3 scrolls of amnesia
 m - 3 scrolls of identify


   Skills:
 - Level 4.0 Fighting
 + Level 2.5 Dodging
 - Level 1.5 Stealth
 - Level 14.4 Spellcasting
 - Level 3.0 Hexes
 - Level 9.1 Necromancy


You had 22 spell levels left.
You knew the following spells:

 Your Spells              Type           Power        Failure   Level  Hunger
a - Pain                  Necr           ####         1%          1    N/A
b - Animate Skeleton      Necr           N/A          1%          1    N/A
c - Vampiric Draining     Necr           #####.....   1%          3    N/A
d - Animate Dead          Necr           N/A          1%          4    N/A
e - Slow                  Hex            ###.....     2%          2    N/A
f - Cause Fear            Hex            ###.......   14%         4    N/A

Your spell library contained the following spells:

 Spells                   Type           Power        Failure   Level  Hunger
 Corona                   Hex            ###....      1%          1    N/A
 Inner Flame              Hex/Fire       ###.....     9%          3    N/A
 Portal Projectile        Hex/Tloc       ###...       9%          3    N/A
 Leda's Liquefaction      Hex/Erth       ###.......   26%         4    N/A
 Regeneration             Chrm/Necr      Unusable     N/A         3    N/A

Dungeon Overview and Level Annotations

Branches:
Dungeon (8/15)             Temple (1/1) D:7            Lair (0/6) D:8

Altars:
Ashenzari
Cheibriados
Dithmenos
Elyvilon
Fedhas
Gozag
Hepliaklqana
Kikubaaqudgha
Nemelex Xobeh
Qazlal
Ru
Sif Muna
Trog
Vehumet
Wu Jian
Xom
Yredelemnul
Zin
The Shining One

Annotations:
D:6 exclusion: wight
D:8 Erica, Joseph


Innate Abilities, Weirdness & Mutations

You do not eat or drink.
Your flesh is vulnerable to fire.
You are immune to poison.
Your flesh is cold resistant. (rC+)
You are immune to negative energy. (rN+++)
You are immune to unholy pain and torment.
You can survive without breathing.


Message History

You're too confused to cast spells.
There isn't anything to butcher here.
You closely miss Joseph.
Joseph is moderately wounded.
Joseph hits you with a +0 quarterstaff of protection.
* * * LOW HITPOINT WARNING * * *
Erica casts a spell.
Erica flickers and vanishes!
Deactivating autopickup; reactivate with Ctrl-A.
Unknown command.
Unknown command.
You can't drink.
Unknown command.
Okay, then.
You bump into the rock wall.
Joseph hits you with a +0 quarterstaff of protection!
* * * LOW HITPOINT WARNING * * *
Something hits you!
You die...
Your body crumbles into a pile of gold.

....## #........
#....##........
...# ##..........##
...#
###..........###...
.......###........
.#####.# #....@ #
## .# #§§§ .## # #
#§§###§..###
#§§@@{§.....
#####§####§.....
#....## .....
####.# #..# ### ##


You could see Joseph.

Vanquished Creatures
  A queen ant (D:7)
  Pikel (D:6)
  A cyclops (D:7)
  Maurice (D:8)
  A hornet (D:7)
  3 wargs (D:8)
  4 soldier ants (D:8)
  An orc warrior (D:6)
  5 sky beasts
  3 ice beasts
  A slave (D:5)
  A phantom (D:8)
  A centaur (D:8)
  2 ogres
  5 bullfrogs
  3 scorpions
  7 wights
  A howler monkey (D:5)
  A crimson imp (D:7)
  6 orc priests
  Crazy Yiuf (D:6)
  3 hounds
  5 jellies
  10 orc wizards
  2 bullfrog skeletons
  A centaur skeleton (D:4)
  2 iguanas
  15 worker ants
  A hound zombie (D:5)
  A worker ant zombie (D:8)
  5 adders
  A shadow imp (D:5)
  An ooze (D:6)
  An adder skeleton (D:7)
  A dart slug (D:1)
  4 worms
  4 leopard geckos
  32 orcs
  8 bats
  4 giant cockroaches
  8 goblins
  5 hobgoblins
  13 jackals
  2 quokkas
  2 ball pythons
  3 frilled lizards
  9 kobolds
  A leopard gecko skeleton (D:6)
  A leopard gecko zombie (D:6)
  6 rats
201 creatures vanquished.

Vanquished Creatures (collateral kills)
  A hound (D:5)
1 creature vanquished.

Vanquished Creatures (others)
  3 slaves (D:6)
3 creatures vanquished.

Grand Total: 205 creatures vanquished

Notes
Turn   | Place    | Note
-------+----------+-------------------------------------------
     0 | D:1      | poirepourri the Mummy Necromancer began the quest for the
                  | Orb.
     0 | D:1      | Reached XP level 1. HP: 13/13 MP: 4/4
    65 | D:1      | Reached skill level 3 in Spellcasting
   423 | D:1      | Reached XP level 2. HP: 19/19 MP: 0/6
   482 | D:1      | Learned a level 1 spell: Animate Skeleton
   811 | D:1      | Reached skill level 4 in Spellcasting
  1219 | D:2      | Reached XP level 3. HP: 22/24 MP: 0/9
  1582 | D:2      | Reached skill level 5 in Spellcasting
  1793 | D:2      | Found a glowing golden altar of the Shining One.
  2110 | D:3      | Reached XP level 4. HP: 30/30 MP: 9/11
  2117 | D:3      | Learned a level 3 spell: Vampiric Draining
  2122 | D:3      | Learned a level 4 spell: Animate Dead
  2367 | D:3      | Reached skill level 6 in Spellcasting
  3162 | D:4      | Noticed an ice beast
  3173 | D:4      | Killed an ice beast
  3173 | D:4      | Reached skill level 7 in Spellcasting
  3173 | D:4      | Reached XP level 5. HP: 26/35 MP: 3/14
  3250 | D:4      | Noticed an ogre
  3547 | D:4      | Reached XP level 6. HP: 38/41 MP: 11/16
  3623 | D:4      | Got a slimy bronze ring
  3624 | D:4      | Identified the ring of Kadile {+Fly rPois rC+ MP+9 Dex-4}
                  | (You found it on level 4 of the Dungeon)
  3683 | D:4      | Reached skill level 8 in Spellcasting
  3930 | D:4      | Reached skill level 9 in Spellcasting
  4239 | D:5      | Entered Level 5 of the Dungeon
  4858 | D:5      | Reached XP level 7. HP: 38/46 MP: 15/19
  5242 | D:5      | Reached skill level 5 in Necromancy
  6094 | D:6      | Noticed Pikel
  6528 | D:6      | Paralysed by Pikel for 4 turns
  6538 | D:6      | Killed Pikel
  6538 | D:6      | Reached XP level 8. HP: 36/52 MP: 1/21
  7338 | D:6      | Reached skill level 1 in Fighting
  7841 | D:6      | Found a runed translucent door.
  7842 | D:6      | Noticed Crazy Yiuf
  8070 | D:6      | Killed Crazy Yiuf
  8346 | D:7      | Reached XP level 9. HP: 49/65 MP: 12/22
  8772 | D:7      | Reached skill level 10 in Spellcasting
  8833 | D:7      | Learned a level 2 spell: Slow
  8846 | D:7      | Found a staircase to the Ecumenical Temple.
  8863 | Temple   | Entered the Ecumenical Temple
  9056 | Temple   | Became a worshipper of Gozag Ym Sagoz the Greedy
  9364 | D:7      | Noticed a cyclops
 10208 | D:6      | Learned a level 4 spell: Cause Fear
 10413 | D:7      | Reached skill level 11 in Spellcasting
 10425 | D:7      | HP: 1/65 [cyclops (9)]
 10427 | D:7      | Killed a cyclops
 10836 | D:7      | Reached skill level 12 in Spellcasting
 11369 | D:7      | HP: 1/65 [wight/cursed +0 battleaxe (10)]
 11967 | D:8      | Noticed a queen ant
 12347 | D:8      | Reached skill level 13 in Spellcasting
 12372 | D:8      | Reached XP level 10. HP: 55/71 MP: 21/27
 12405 | D:8      | Noticed Maurice
 12431 | D:8      | Killed Maurice
 12586 | D:8      | Noticed Joseph
 12981 | D:7      | Killed a queen ant
 12981 | D:7      | Reached skill level 14 in Spellcasting
 13157 | D:8      | Reached skill level 1 in Hexes
 13506 | D:8      | Found a staircase to the Lair.
 14102 | D:8      | Noticed Erica
 14114 | D:8      | Mangled by Erica

Skill      XL: |  1  2  3  4  5  6  7  8  9 10 |
---------------+-------------------------------+-----
Spellcasting   | 3 4 5 7 9 13 14 | 14.4
Necromancy     | 8 9 |  9.1
Fighting       | 4 |  4.0
Hexes          | 3 |  3.0
Dodging        | 2 |  2.5
Stealth        | |  1.5

Action                   |  1- 3 |  4- 6 |  7- 9 | 10-12 || total
-------------------------+-------+-------+-------+-------++-------
Melee: Unarmed           |     7 |       |       |       ||     7
       Short sword       |     9 |    10 |    61 |       ||    80
       Quarterstaff      |       |       |    79 |    20 ||    99
Throw: Tomahawk          |       |       |     1 |       ||     1
 Cast: Pain              |    98 |   121 |   286 |   144 ||   649
       Animate Skeleton  |     4 |     2 |     3 |       ||     9
       Animate Dead      |       |       |     6 |       ||     6
       Vampiric Draining |       |       |     5 |    13 ||    18
Invok: Potion Petition   |       |       |       |     2 ||     2
Evoke: Wand              |       |       |    21 |     6 ||    27
  Use: Scroll            |     4 |     6 |     6 |     5 ||    21
 Stab: Paralysed         |       |       |     3 |       ||     3
       Distracted        |       |       |     1 |       ||     1
       Invisible         |       |       |       |     1 ||     1
Armor: Robe              |    22 |    11 |    83 |    13 ||   129
Dodge: Dodged            |    36 |    27 |   173 |    61 ||   297
